Philadelphia Phantoms vs Binghampton Senators

Created - 8 décembre 2017 at 06:19

Goals
1 2 3 OT1 SO T
Philadelphia Phantoms 0 1 3 0 1 5
Binghampton Senators 0 1 3 0 0 4
Shots
1 2 3 OT1 SO T
Philadelphia Phantoms 8 6 20 2 3 36
Binghampton Senators 4 14 16 1 3 35

1st period

No Goal

Penalties :
No Penalty

2nd period

1. Philadelphia Phantoms , Jordan Maletta 9 (Nic Kerdiles 6) at 3:02
2. Binghampton Senators , Christian Fischer 2 (Brendan Leipsic 17) at 3:37

Penalties :
Colin McDonald (SEN) for Fighting (Major) at 5:13, Dean Kukan (PHA) for Fighting (Major) at 5:13, Colin McDonald (SEN) for instigated a fight (Minor) at 5:13, Colin McDonald (SEN) for instigated a fight (10 Minutes Misconduct) at 5:13, Justin Kirkland (SEN) for Fighting (Major) at 11:49, Alexandre Carrier (PHA) for Fighting (Major) at 11:49, Dakota Mermis (PHA) for Elbowing (Minor) at 15:53

3rd period

3. Philadelphia Phantoms , Dale Weise 9 (Reid Boucher 13, Matt Caito 5) at 9:22
4. Philadelphia Phantoms , Reid Boucher 12 (Scott Laughton 16) at 13:30 (PP)
5. Philadelphia Phantoms , Dryden Hunt 12 (Brandon Montour 10, Alexandre Carrier 11) at 15:55
6. Binghampton Senators , Josh Leivo 19 (Haydn Fleury 9, Brendan Leipsic 18) at 16:05
7. Binghampton Senators , Lucas Wallmark 25 (Joel Eriksson Ek 5, Christian Fischer 5) at 16:59
8. Binghampton Senators , Joel Eriksson Ek 4 (Lucas Wallmark 24, Colin McDonald 27) at 17:50

Penalties :
Dakota Mermis (PHA) for Tripping (Minor) at 5:29, Lucas Wallmark (SEN) for Interference (Minor) at 12:59

Overtime #1

No Goal

Penalties :
No Penalty

Shootout

Penalty Shot by Joshua Ho-Sang for Philadelphia Phantoms - Goal!
Penalty Shot by Christian Fischer for Binghampton Senators - Shot Misses the Net
Penalty Shot by Dale Weise for Philadelphia Phantoms - Stopped by Jon Gillies
Penalty Shot by Brendan Leipsic for Binghampton Senators - Shot Misses the Net
Penalty Shot by Kevin Labanc for Philadelphia Phantoms - Shot Misses the Net
Penalty Shot by Colin McDonald for Binghampton Senators - Shot Misses the Net

Penalties :
No Penalty

Goalie Stats

Jack Campbell (PHA), 31 saves from 35 shots - (0,886), W, 5-8-2, 65:00 minutes
Jon Gillies (SEN), 32 saves from 36 shots - (0,889), OTL, 10-10-5, 65:00 minutes

Players Stats for Philadelphia Phantoms

Player Name              G  A  P  +/- PIM S  H  SB GA TA FO     MP     PP MP  PK MP  
------------------------------------------------------------------------------------
Alexandre Carrier        0  1  1  -1  5   1  2  2  0  0  0/0    27:43   1:40   1:54 
Brandon Montour          0  1  1  -1  0   1  1  2  0  1  0/0    29:41   1:40   1:53 
Chad Billins             0  0  0   0  0   1  1  0  0  0  0/0    15:52   0:00   2:16 
Dakota Mermis            0  0  0   0  4   1  0  0  0  2  0/0    20:09   0:50   0:00 
Dale Weise               1  0  1  -1  0   6  4  0  1  0  0/1    17:26   1:32   0:00 
Dean Kukan               0  0  0   0  5   1  0  1  0  0  0/0    13:02   0:00   1:57 
Dryden Hunt              1  0  1   1  0   4  1  0  0  1  1/1    15:39   0:00   0:26 
Jordan Maletta           1  0  1   1  0   3  1  0  1  0  2/3    12:03   0:00   1:39 
Joshua Ho-Sang           0  0  0  -2  0   2  3  2  0  0  7/23   21:37   1:32   0:42 
Juho Lammikko            0  0  0   1  0   0  0  0  0  0  0/0     8:34   0:00   0:00 
Kevin Fiala              0  0  0  -2  0   0  0  1  1  0  0/0    17:26   0:58   0:00 
Kevin Labanc             0  0  0  -2  0   2  0  1  2  1  0/1    19:13   1:32   0:00 
Matt Caito               0  1  1   0  0   2  2  3  0  1  0/0    20:59   0:50   0:03 
Nic Kerdiles             0  1  1   1  0   0  0  0  0  0  0/0     8:38   0:00   0:00 
Reid Boucher             1  1  2  -1  0   5  4  0  1  1  0/3    15:26   0:58   0:00 
Scott Laughton           0  1  1  -1  0   2  0  0  0  1  8/17   16:19   0:58   2:05 
Sean Kuraly              0  0  0   1  0   4  1  0  1  1  5/7    16:51   0:00   1:22 
Zac Dalpe                0  0  0   1  0   1  2  1  1  1  0/0    15:05   0:00   1:42 

Players Stats for Binghampton Senators

Player Name              G  A  P  +/- PIM S  H  SB GA TA FO     MP     PP MP  PK MP  
------------------------------------------------------------------------------------
Anthony Greco            0  0  0   0  0   0  0  0  0  0  0/0     9:48   0:16   0:00 
Brendan Leipsic          0  2  2   0  0   2  1  2  1  1  15/23  22:51   1:49   1:30 
Christian Fischer        1  1  2   0  0   6  0  0  2  0  4/7    23:26   1:48   1:30 
Colin McDonald           0  1  1   2  17  1  0  0  2  0  1/2    14:12   0:50   0:00 
Drew Shore               0  0  0   0  0   3  0  1  0  0  0/0    13:57   0:46   0:00 
Erik Gustafsson          0  0  0  -1  0   0  0  2  0  0  0/0    21:32   1:35   1:15 
Haydn Fleury             0  1  1   2  0   6  1  3  0  3  0/0    27:53   2:23   1:15 
Jared McCann             0  0  0   0  0   1  1  0  0  0  2/8    17:19   1:02   0:33 
Joel Eriksson Ek         1  1  2   2  0   2  0  0  0  0  0/0    17:45   1:44   0:00 
Jordan Schmaltz          0  0  0   0  0   0  0  0  1  1  0/0    14:26   0:00   0:00 
Josh Leivo               1  0  1   0  0   4  2  0  2  1  1/1    19:40   1:55   0:03 
Justin Kirkland          0  0  0  -1  5   0  0  0  0  0  0/0     8:30   0:00   0:00 
Lucas Wallmark           1  1  2   2  2   6  1  2  2  1  8/10   19:22   1:44   0:37 
Ryan Graves              0  0  0  -1  0   1  1  0  0  1  0/0    21:55   1:35   1:15 
Sam Carrick              0  0  0  -1  0   2  3  0  0  0  0/3    11:49   0:00   0:47 
Steve Oleksy             0  0  0   2  0   1  3  3  0  0  0/0    28:14   2:23   1:15 
Trevor Carrick           0  0  0   0  0   0  1  2  0  0  0/0    14:21   0:00   0:00 
Ty Rattie                0  0  0  -1  0   0  0  1  0  0  2/2     6:24   0:00   0:00 

3 Stars

1 - Joel Eriksson Ek (SEN)
2 - Reid Boucher (PHA)
3 - Lucas Wallmark (SEN)

Power Play

Philadelphia Phantoms - 1 on 2 Attempt(s) - 50,00%
Binghampton Senators - 0 on 2 Attempt(s) - 0,00%

Penalty Kill

Philadelphia Phantoms - 2 on 2 Attempt(s) - 100,00% - Score 0 goal in Penalty Kill
Binghampton Senators - 1 on 2 Attempt(s) - 50,00% - Score 0 goal in Penalty Kill

Team Stat

Philadelphia Phantoms - Hits : 22 - Faceoff Wins : 23 - Blocked Shots : 13 - Penalty Minutes : 14
Binghampton Senators - Hits : 14 - Faceoff Wins : 33 - Blocked Shots : 16 - Penalty Minutes : 24

Official

Referees : Garrett Rank and Brad Meier
Linesman : Brad Kovachik and Matt MacPherson

Game Notes

Colin McDonald beats up Dean Kukan at 5:13 of 2nd period
Justin Kirkland and Alexandre Carrier fight to a draw at 11:49 of 2nd period
Ty Rattie is injured at 14:13 of 2nd period (Left Eye)

Finance

Level 1 -- Attendance: 1626 (81,30%) -- Ticket Income 56 910 $
Level 2 -- Attendance: 675 (67,50%) -- Ticket Income 10 125 $
Total Attendance: 2301 (76,70%)
Total Ticket Income: 67 035 $
Other Income: 32 847 $
Total Income: 99 882 $

Philadelphia Phantoms

5 vs 5 Forward 
   Center                   Left Wing                Right Wing               Time % Phy DF OF 
 1 Joshua Ho-Sang           Kevin Labanc             Kevin Fiala              34     0   1  4  
 2 Scott Laughton           Reid Boucher             Dale Weise               30     0   2  3  
 3 Sean Kuraly              Dryden Hunt              Zac Dalpe                26     0   4  1  
 4 Jordan Maletta           Nic Kerdiles             Juho Lammikko            10     0   4  1  

5 vs 5 Defense 
   Defense                  Defense                                           Time % Phy DF OF 
 1 Brandon Montour          Alexandre Carrier                                 40     1   3  1  
 2 Matt Caito               Dakota Mermis                                     36     1   3  1  
 3 Chad Billins             Dean Kukan                                        24     1   3  1  
 4 Matt Caito               Alexandre Carrier                                 0      1   3  1  

PowerPlay Forward 
   Center                   Left Wing                Right Wing               Time % Phy DF OF 
 1 Joshua Ho-Sang           Kevin Labanc             Dale Weise               60     0   0  5  
 2 Scott Laughton           Reid Boucher             Kevin Fiala              40     0   0  5  

PowerPlay Defense
   Defense                  Defense                                           Time % Phy DF OF 
 1 Brandon Montour          Alexandre Carrier                                 60     0   2  3  
 2 Matt Caito               Dakota Mermis                                     40     0   2  3  

Penalty Kill 4 Players Forward 
   Center                   Wing                     Time % Phy DF OF 
 1 Scott Laughton           Zac Dalpe                60     0   5  0  
 2 Jordan Maletta           Sean Kuraly              40     0   5  0  

Penalty Kill 4 Players Defense
   Defense                  Defense                  Time % Phy DF OF 
 1 Chad Billins             Alexandre Carrier        60     0   5  0  
 2 Dean Kukan               Dakota Mermis            40     0   5  0  

Penalty Kill - 3 Players Forward 
   Forward                                           Time % Phy DF OF 
 1 Zac Dalpe                                         60     0   5  0  
 2 Jordan Maletta                                    40     0   5  0  

Penalty Kill - 3 Players Defense
   Defense                  Defense                  Time % Phy DF OF 
 1 Chad Billins             Alexandre Carrier        60     0   5  0  
 2 Dean Kukan               Dakota Mermis            40     0   5  0  

4 vs 4 Forward 
   Center                   Wing                     Time % Phy DF OF 
 1 Joshua Ho-Sang           Dale Weise               60     1   2  2  
 2 Kevin Labanc             Reid Boucher             40     1   2  2  

4 vs 4 Defense
   Defense                  Defense                  Time % Phy DF OF 
 1 Brandon Montour          Alexandre Carrier        60     1   2  2  
 2 Matt Caito               Dakota Mermis            40     1   2  2  

Last Minutes Offensive
   Center                   Left Wing                Right Wing               Defense                  Defense                  
   Joshua Ho-Sang           Kevin Labanc             Dale Weise               Dean Kukan               Alexandre Carrier        

Last Minutes Defensive
   Center                   Left Wing                Right Wing               Defense                  Defense                  
   Scott Laughton           Sean Kuraly              Zac Dalpe                Dean Kukan               Chad Billins             

Goaltenders
Starting : Jack Campbell            
Backup : Darcy Kuemper            

Extra Forwards
Normal : Sean Kuraly, Dryden Hunt, Jordan Maletta - PP : Sean Kuraly, Dryden Hunt - PK : Jordan Maletta
Extra Defensemen
Normal : Chad Billins, Alexandre Carrier, Dean Kukan - PP : Chad Billins - PK : Brandon Montour, Dean Kukan
Penalty Shots
Joshua Ho-Sang, Dale Weise, Kevin Labanc, Reid Boucher, Kevin Fiala

Scratches
Ryan MacInnis (Healthy), Jon Martin (Healthy), Jonathan Diaby (Healthy), Rihards Bukarts (Healthy), Alex Lyon (Healthy)
Matthew O'Connor (Healthy)

Binghampton Senators

5 vs 5 Forward 
   Center                   Left Wing                Right Wing               Time % Phy DF OF 
 1 Brendan Leipsic          Josh Leivo               Christian Fischer        40     1   2  2  
 2 Lucas Wallmark           Joel Eriksson Ek         Colin McDonald           30     1   2  2  
 3 Jared McCann             Anthony Greco            Drew Shore               20     1   2  2  
 4 Sam Carrick              Justin Kirkland          Ty Rattie                10     1   2  2  

5 vs 5 Defense 
   Defense                  Defense                                           Time % Phy DF OF 
 1 Haydn Fleury             Steve Oleksy                                      40     1   2  2  
 2 Ryan Graves              Erik Gustafsson                                   30     1   2  2  
 3 Jordan Schmaltz          Trevor Carrick                                    20     1   2  2  
 4 Haydn Fleury             Steve Oleksy                                      10     1   2  2  

PowerPlay Forward 
   Center                   Left Wing                Right Wing               Time % Phy DF OF 
 1 Brendan Leipsic          Josh Leivo               Christian Fischer        60     1   2  2  
 2 Lucas Wallmark           Joel Eriksson Ek         Colin McDonald           40     1   2  2  

PowerPlay Defense
   Defense                  Defense                                           Time % Phy DF OF 
 1 Haydn Fleury             Steve Oleksy                                      60     1   2  2  
 2 Ryan Graves              Erik Gustafsson                                   40     1   2  2  

Penalty Kill 4 Players Forward 
   Center                   Wing                     Time % Phy DF OF 
 1 Christian Fischer        Brendan Leipsic          60     1   2  2  
 2 Colin McDonald           Lucas Wallmark           40     1   2  2  

Penalty Kill 4 Players Defense
   Defense                  Defense                  Time % Phy DF OF 
 1 Haydn Fleury             Steve Oleksy             60     1   2  2  
 2 Ryan Graves              Erik Gustafsson          40     1   2  2  

Penalty Kill - 3 Players Forward 
   Forward                                           Time % Phy DF OF 
 1 Christian Fischer                                 60     1   2  2  
 2 Brendan Leipsic                                   40     1   2  2  

Penalty Kill - 3 Players Defense
   Defense                  Defense                  Time % Phy DF OF 
 1 Haydn Fleury             Steve Oleksy             60     1   2  2  
 2 Ryan Graves              Erik Gustafsson          40     1   2  2  

4 vs 4 Forward 
   Center                   Wing                     Time % Phy DF OF 
 1 Christian Fischer        Brendan Leipsic          60     1   2  2  
 2 Colin McDonald           Lucas Wallmark           40     1   2  2  

4 vs 4 Defense
   Defense                  Defense                  Time % Phy DF OF 
 1 Haydn Fleury             Steve Oleksy             60     1   2  2  
 2 Ryan Graves              Erik Gustafsson          40     1   2  2  

Last Minutes Offensive
   Center                   Left Wing                Right Wing               Defense                  Defense                  
   Brendan Leipsic          Josh Leivo               Christian Fischer        Haydn Fleury             Steve Oleksy             

Last Minutes Defensive
   Center                   Left Wing                Right Wing               Defense                  Defense                  
   Brendan Leipsic          Josh Leivo               Christian Fischer        Haydn Fleury             Steve Oleksy             

Goaltenders
Starting : Jon Gillies              
Backup : Stephon Williams         

Extra Forwards
Normal : Jared McCann, Drew Shore, Sam Carrick - PP : Jared McCann, Drew Shore - PK : Sam Carrick
Extra Defensemen
Normal : Jordan Schmaltz, Trevor Carrick, Ryan Graves - PP : Jordan Schmaltz - PK : Trevor Carrick, Ryan Graves
Penalty Shots
Christian Fischer, Brendan Leipsic, Colin McDonald, Lucas Wallmark, Josh Leivo

Scratches
Jesse Graham (Healthy), Brett Findlay (Healthy), Ryan Culkin (Healthy), Sergey Tolchinsky (Healthy), Michael Latta (Healthy)
Cameron Darcy (Healthy), Jimmy Lodge (Healthy), Patrick McNally (Healthy)

% Time on Ice - Philadelphia Phantoms

Lines # - Real PCT - Wanted PCT - Time Play
Normal Forward
1 - 34% - 34% - 18:00
2 - 27% - 30% - 14:22
3 - 25% - 26% - 13:25
4 - 14% - 10% - 7:45
Normal Defense
1 - 40% - 40% - 21:13
2 - 34% - 36% - 18:16
3 - 24% - 24% - 12:49
4 - 2% - 0% - 1:14
PP Forward
1 - 61% - 60% - 1:32
2 - 39% - 40% - 0:58
PP Defense
1 - 67% - 60% - 1:40
2 - 33% - 40% - 0:50
PK Forward
1 - 92% - 60% - 3:39
2 - 8% - 40% - 0:19
PK Defense
1 - 52% - 60% - 2:03
2 - 48% - 40% - 1:55
PK3 Forward
1 - 0% - 60%
2 - 0% - 40%
PK3 Defense
1 - 0% - 60%
2 - 0% - 40%
44 Forward
1 - 65% - 60% - 3:15
2 - 35% - 40% - 1:45
44 Defense
1 - 67% - 60% - 3:20
2 - 33% - 40% - 1:40
Last Minute Offensive  - 0:00
Last Minute Defensive  - 0:00
Total
Forward - 65:00
Defense - 65:00

% Time on Ice - Binghampton Senators

Lines # - Real PCT - Wanted PCT - Time Play
Normal Forward
1 - 34% - 40% - 18:06
2 - 30% - 30% - 15:55
3 - 18% - 20% - 9:49
4 - 18% - 10% - 9:42
Normal Defense
1 - 38% - 40% - 20:18
2 - 32% - 30% - 16:59
3 - 25% - 20% - 13:24
4 - 5% - 10% - 2:51
PP Forward
1 - 49% - 60% - 1:57
2 - 51% - 40% - 2:01
PP Defense
1 - 60% - 60% - 2:23
2 - 40% - 40% - 1:35
PK Forward
1 - 75% - 60% - 1:53
2 - 25% - 40% - 0:37
PK Defense
1 - 50% - 60% - 1:15
2 - 50% - 40% - 1:15
PK3 Forward
1 - 0% - 60%
2 - 0% - 40%
PK3 Defense
1 - 0% - 60%
2 - 0% - 40%
44 Forward
1 - 66% - 60% - 3:19
2 - 34% - 40% - 1:41
44 Defense
1 - 48% - 60% - 2:23
2 - 52% - 40% - 2:37
Last Minute Offensive  - 0:00
Last Minute Defensive  - 0:00
Total
Forward - 65:00
Defense - 65:00

Play by Play

1st period


0:01 of 1st period - Brendan Leipsic wins face-off versus Joshua Ho-Sang in neutral zone.
0:40 of 1st period - Wrist shot by Christian Fischer.
0:40 of 1st period - Shot Misses the Net.
0:42 of 1st period - Snap shot by Haydn Fleury.
0:42 of 1st period - Shot Blocked by Kevin Labanc.
0:44 of 1st period - Snap shot by Josh Leivo.
0:44 of 1st period - Shot Misses the Net.
1:00 of 1st period - Slapshot by Christian Fischer.
1:00 of 1st period - Stopped by Jack Campbell with a rebound.
1:02 of 1st period - Wrist shot by Josh Leivo.
1:02 of 1st period - Deflect By Brendan Leipsic.
1:02 of 1st period - Stopped by Jack Campbell with a rebound.
1:04 of 1st period - Snap shot by Josh Leivo.
1:04 of 1st period - Deflect By Christian Fischer.
1:04 of 1st period - Stopped by Jack Campbell with a rebound.
1:06 of 1st period - Wrist shot by Brendan Leipsic.
1:06 of 1st period - Shot Blocked by Brandon Montour.
1:54 of 1st period - Snap shot by Josh Leivo.
1:54 of 1st period - Stopped by Jack Campbell with a rebound.
3:50 of 1st period - Wrist shot by Kevin Fiala.
3:50 of 1st period - Shot Blocked by Brendan Leipsic.
4:03 of 1st period - Wrist shot by Kevin Labanc.
4:03 of 1st period - Deflect By Joshua Ho-Sang.
4:03 of 1st period - Stopped by Jon Gillies with a rebound.
4:09 of 1st period - Wrist shot by Josh Leivo.
4:09 of 1st period - Shot Misses the Net.
4:11 of 1st period - Slapshot by Haydn Fleury.
4:11 of 1st period - Deflect By Josh Leivo.
4:11 of 1st period - Shot Misses the Net.
4:11 of 1st period - Puck is out of play.
4:12 of 1st period - Lucas Wallmark wins face-off versus Scott Laughton in Philadelphia Phantoms zone.
5:04 of 1st period - Wrist shot by Colin McDonald.
5:04 of 1st period - Shot Blocked by Zac Dalpe.
5:34 of 1st period - Sean Kuraly is hit by Ryan Graves and loses puck.
5:41 of 1st period - Slapshot by Lucas Wallmark.
5:41 of 1st period - Shot Misses the Net.
5:57 of 1st period - Slapshot by Sean Kuraly.
5:57 of 1st period - Shot Misses the Net.
6:56 of 1st period - Wrist shot by Dryden Hunt.
6:56 of 1st period - Stopped by Jon Gillies with a rebound.
6:58 of 1st period - Snap shot by Matt Caito.
6:58 of 1st period - Stopped by Jon Gillies with a rebound.
7:00 of 1st period - Wrist shot by Zac Dalpe.
7:00 of 1st period - Shot Blocked by Trevor Carrick.
7:02 of 1st period - Slapshot by Matt Caito.
7:02 of 1st period - Stopped by Jon Gillies with a rebound.
7:04 of 1st period - Snap shot by Dakota Mermis.
7:04 of 1st period - Stopped by Jon Gillies without a rebound.
7:05 of 1st period - Scott Laughton wins face-off versus Jared McCann in Binghampton Senators zone.
7:08 of 1st period - Snap shot by Reid Boucher.
7:08 of 1st period - Stopped by Jon Gillies with a rebound.
7:10 of 1st period - Backhand shot by Reid Boucher.
7:10 of 1st period - Shot Misses the Net.
7:12 of 1st period - Snap shot by Chad Billins.
7:12 of 1st period - Stopped by Jon Gillies without a rebound.
7:13 of 1st period - Scott Laughton wins face-off versus Jared McCann in Binghampton Senators zone.
7:18 of 1st period - Snap shot by Scott Laughton.
7:18 of 1st period - Shot Blocked by Erik Gustafsson.
7:20 of 1st period - Snap shot by Reid Boucher.
7:20 of 1st period - Stopped by Jon Gillies with a rebound.
9:31 of 1st period - Ty Rattie is hit by Jordan Maletta and loses puck.
9:48 of 1st period - Sam Carrick is hit by Chad Billins and loses puck.
13:50 of 1st period - Icing by Steve Oleksy.
13:51 of 1st period - Jordan Maletta wins face-off versus Jared McCann in Binghampton Senators zone.
14:18 of 1st period - Dakota Mermis is hit by Sam Carrick and loses puck.
15:20 of 1st period - Haydn Fleury is hit by Zac Dalpe and loses puck.
16:09 of 1st period - Christian Fischer is hit by Reid Boucher and loses puck.
16:54 of 1st period - Steve Oleksy is hit by Dale Weise and loses puck.
17:05 of 1st period - Joshua Ho-Sang is hit by Steve Oleksy.
17:27 of 1st period - Dryden Hunt is hit by Lucas Wallmark and loses puck.
18:23 of 1st period - Nic Kerdiles is hit by Trevor Carrick and loses puck.
18:34 of 1st period - Colin McDonald is hit by Reid Boucher.
18:58 of 1st period - Drew Shore is hit by Zac Dalpe and loses puck.
19:25 of 1st period - Icing by Trevor Carrick.
19:26 of 1st period - Joshua Ho-Sang wins face-off versus Sam Carrick in Binghampton Senators zone.
19:36 of 1st period - Icing by Brandon Montour.
19:37 of 1st period - Brendan Leipsic wins face-off versus Joshua Ho-Sang in Philadelphia Phantoms zone.
19:38 of 1st period - Snap shot by Christian Fischer.
19:38 of 1st period - Shot Misses the Net.
Goals for this period are 0 for Philadelphia Phantoms vs 0 for Binghampton Senators.
Shots for this period are 8 for Philadelphia Phantoms vs 4 for Binghampton Senators.

2nd period


0:01 of 2nd period - Lucas Wallmark wins face-off versus Dale Weise in neutral zone.
0:06 of 2nd period - Scott Laughton is hit by Steve Oleksy and loses puck.
0:49 of 2nd period - Snap shot by Brendan Leipsic.
0:49 of 2nd period - Deflect By Drew Shore.
0:49 of 2nd period - Stopped by Jack Campbell with a rebound.
1:08 of 2nd period - Sam Carrick is hit by Dale Weise and loses puck.
1:13 of 2nd period - Slapshot by Dale Weise.
1:13 of 2nd period - Stopped by Jon Gillies with a rebound.
1:15 of 2nd period - Slapshot by Dean Kukan.
1:15 of 2nd period - Shot Blocked by Ty Rattie.
1:54 of 2nd period - Snap shot by Zac Dalpe.
1:54 of 2nd period - Deflect By Sean Kuraly.
1:54 of 2nd period - Shot Misses the Net.
1:54 of 2nd period - Puck is out of play.
1:55 of 2nd period - Sean Kuraly wins face-off versus Christian Fischer in Binghampton Senators zone.
2:10 of 2nd period - Matt Caito is hit by Josh Leivo and loses puck.
2:26 of 2nd period - Wrist shot by Joel Eriksson Ek.
2:26 of 2nd period - Shot Misses the Net.
2:28 of 2nd period - Slapshot by Steve Oleksy.
2:28 of 2nd period - Shot Misses the Net.
2:30 of 2nd period - Slapshot by Steve Oleksy.
2:30 of 2nd period - Shot Blocked by Alexandre Carrier.
2:44 of 2nd period - Snap shot by Reid Boucher.
2:44 of 2nd period - Shot Misses the Net.
2:46 of 2nd period - Wrist shot by Scott Laughton.
2:46 of 2nd period - Shot Misses the Net.
2:48 of 2nd period - Slapshot by Chad Billins.
2:48 of 2nd period - Shot Blocked by Drew Shore.
2:50 of 2nd period - Wrist shot by Dean Kukan.
2:50 of 2nd period - Stopped by Jon Gillies with a rebound.
2:52 of 2nd period - Wrist shot by Dale Weise.
2:52 of 2nd period - Stopped by Jon Gillies with a rebound.
3:02 of 2nd period - Snap shot by Jordan Maletta.
3:02 of 2nd period - Goal by Jordan Maletta - Philadelphia Phantoms : 1 - Binghampton Senators : 0.
3:03 of 2nd period - Brendan Leipsic wins face-off versus Joshua Ho-Sang in neutral zone.
3:13 of 2nd period - Wrist shot by Brendan Leipsic.
3:13 of 2nd period - Shot Misses the Net.
3:15 of 2nd period - Snap shot by Haydn Fleury.
3:15 of 2nd period - Deflect By Joshua Ho-Sang.
3:15 of 2nd period - Stopped by Jack Campbell without a rebound.
3:16 of 2nd period - Lucas Wallmark wins face-off versus Reid Boucher in Philadelphia Phantoms zone.
3:27 of 2nd period - Wrist shot by Lucas Wallmark.
3:27 of 2nd period - Stopped by Jack Campbell without a rebound.
3:28 of 2nd period - Brendan Leipsic wins face-off versus Joshua Ho-Sang in Philadelphia Phantoms zone.
3:33 of 2nd period - Slapshot by Christian Fischer.
3:33 of 2nd period - Shot Blocked by Alexandre Carrier.
3:35 of 2nd period - Slapshot by Steve Oleksy.
3:35 of 2nd period - Deflect By Brandon Montour.
3:35 of 2nd period - Stopped by Jack Campbell without a rebound.
3:36 of 2nd period - Brendan Leipsic wins face-off versus Joshua Ho-Sang in Philadelphia Phantoms zone.
3:37 of 2nd period - Wrist shot by Christian Fischer.
3:37 of 2nd period - Goal by Christian Fischer - Philadelphia Phantoms : 1 - Binghampton Senators : 1.
3:38 of 2nd period - Scott Laughton wins face-off versus Brendan Leipsic in neutral zone.
3:41 of 2nd period - Snap shot by Dale Weise.
3:41 of 2nd period - Shot Misses the Net.
3:54 of 2nd period - Snap shot by Scott Laughton.
3:54 of 2nd period - Deflect By Josh Leivo.
3:54 of 2nd period - Shot Blocked by Steve Oleksy.
3:54 of 2nd period - Puck is out of play.
3:55 of 2nd period - Sean Kuraly wins face-off versus Colin McDonald in Binghampton Senators zone.
3:56 of 2nd period - Snap shot by Dryden Hunt.
3:56 of 2nd period - Shot Misses the Net.
4:12 of 2nd period - Zac Dalpe is hit by Steve Oleksy and loses puck.
5:06 of 2nd period - Snap shot by Jared McCann.
5:06 of 2nd period - Shot Misses the Net.
5:08 of 2nd period - Wrist shot by Jared McCann.
5:08 of 2nd period - Shot Misses the Net.
5:10 of 2nd period - Wrist shot by Drew Shore.
5:10 of 2nd period - Stopped by Jack Campbell with a rebound.
5:12 of 2nd period - Slapshot by Haydn Fleury.
5:12 of 2nd period - Stopped by Jack Campbell without a rebound.
5:13 of 2nd period - Lucas Wallmark wins face-off versus Joshua Ho-Sang in Philadelphia Phantoms zone.
5:13 of 2nd period - Colin McDonald beats up Dean Kukan.
5:13 of 2nd period - Penalty to Colin McDonald for Fighting.
5:13 of 2nd period - Penalty to Dean Kukan for Fighting.
5:13 of 2nd period - Penalty to Colin McDonald for instigated a fight.
5:13 of 2nd period - Penalty to Colin McDonald for instigated a fight.
5:14 of 2nd period - Joshua Ho-Sang wins face-off versus Christian Fischer in Philadelphia Phantoms zone.
6:20 of 2nd period - Steve Oleksy is hit by Reid Boucher and loses puck.
7:13 of 2nd period - Penalty to Colin McDonald is over, Drew Shore is send on ice.
7:31 of 2nd period - Slapshot by Jared McCann.
7:31 of 2nd period - Shot Misses the Net.
7:33 of 2nd period - Snap shot by Drew Shore.
7:33 of 2nd period - Shot Misses the Net.
7:37 of 2nd period - Snap shot by Josh Leivo.
7:37 of 2nd period - Stopped by Jack Campbell with a rebound.
7:39 of 2nd period - Wrist shot by Jordan Schmaltz.
7:39 of 2nd period - Shot Blocked by Matt Caito.
7:41 of 2nd period - Wrist shot by Drew Shore.
7:41 of 2nd period - Stopped by Jack Campbell without a rebound.
7:42 of 2nd period - Lucas Wallmark wins face-off versus Jordan Maletta in Philadelphia Phantoms zone.
8:04 of 2nd period - Chad Billins is hit by Sam Carrick.
8:37 of 2nd period - Snap shot by Lucas Wallmark.
8:37 of 2nd period - Shot Misses the Net.
8:39 of 2nd period - Wrist shot by Lucas Wallmark.
8:39 of 2nd period - Stopped by Jack Campbell with a rebound.
8:53 of 2nd period - Erik Gustafsson is hit by Joshua Ho-Sang and loses puck.
9:10 of 2nd period - Slapshot by Jared McCann.
9:10 of 2nd period - Deflect By Lucas Wallmark.
9:10 of 2nd period - Shot Misses the Net.
9:10 of 2nd period - Puck is out of play.
9:11 of 2nd period - Sean Kuraly wins face-off versus Lucas Wallmark in Philadelphia Phantoms zone.
9:41 of 2nd period - Wrist shot by Jared McCann.
9:41 of 2nd period - Shot Misses the Net.
9:51 of 2nd period - Wrist shot by Jared McCann.
9:51 of 2nd period - Shot Misses the Net.
10:17 of 2nd period - Snap shot by Sean Kuraly.
10:17 of 2nd period - Shot Misses the Net.
10:19 of 2nd period - Slapshot by Matt Caito.
10:19 of 2nd period - Shot Blocked by Trevor Carrick.
10:25 of 2nd period - Snap shot by Sean Kuraly.
10:25 of 2nd period - Stopped by Jon Gillies without a rebound.
10:26 of 2nd period - Brendan Leipsic wins face-off versus Joshua Ho-Sang in Binghampton Senators zone.
11:22 of 2nd period - Off-side.
11:23 of 2nd period - Ty Rattie wins face-off versus Joshua Ho-Sang in neutral zone.
11:32 of 2nd period - Slapshot by Sam Carrick.
11:32 of 2nd period - Stopped by Jack Campbell without a rebound.
11:33 of 2nd period - Joshua Ho-Sang wins face-off versus Sam Carrick in Philadelphia Phantoms zone.
11:49 of 2nd period - Justin Kirkland and Alexandre Carrier fight to a draw.
11:49 of 2nd period - Penalty to Justin Kirkland for Fighting.
11:49 of 2nd period - Penalty to Alexandre Carrier for Fighting.
11:50 of 2nd period - Josh Leivo wins face-off versus Scott Laughton in neutral zone.
11:53 of 2nd period - Wrist shot by Christian Fischer.
11:53 of 2nd period - Stopped by Jack Campbell without a rebound.
11:54 of 2nd period - Brendan Leipsic wins face-off versus Scott Laughton in Philadelphia Phantoms zone.
11:55 of 2nd period - Wrist shot by Christian Fischer.
11:55 of 2nd period - Stopped by Jack Campbell without a rebound.
11:56 of 2nd period - Scott Laughton wins face-off versus Brendan Leipsic in Philadelphia Phantoms zone.
12:07 of 2nd period - Wrist shot by Scott Laughton.
12:07 of 2nd period - Deflect By Dale Weise.
12:07 of 2nd period - Stopped by Jon Gillies without a rebound.
12:08 of 2nd period - Joshua Ho-Sang wins face-off versus Brendan Leipsic in Binghampton Senators zone.
12:09 of 2nd period - Snap shot by Kevin Labanc.
12:09 of 2nd period - Deflect By Joshua Ho-Sang.
12:09 of 2nd period - Shot Misses the Net.
12:09 of 2nd period - Puck is out of play.
12:10 of 2nd period - Brendan Leipsic wins face-off versus Joshua Ho-Sang in Binghampton Senators zone.
12:35 of 2nd period - Jared McCann is hit by Brandon Montour and loses puck.
13:04 of 2nd period - Snap shot by Sam Carrick.
13:04 of 2nd period - Shot Blocked by Matt Caito.
13:06 of 2nd period - Snap shot by Sam Carrick.
13:06 of 2nd period - Stopped by Jack Campbell with a rebound.
13:56 of 2nd period - Icing by Brandon Montour.
13:57 of 2nd period - Ty Rattie wins face-off versus Reid Boucher in Philadelphia Phantoms zone.
14:12 of 2nd period - Ty Rattie is hit by Matt Caito and loses puck.
14:13 of 2nd period - Ty Rattie from Binghampton Senators is injured at 14:13 of 2nd period (Left Eye).
14:14 of 2nd period - Joshua Ho-Sang wins face-off versus Brendan Leipsic in Binghampton Senators zone.
14:25 of 2nd period - Slapshot by Haydn Fleury.
14:25 of 2nd period - Shot Blocked by Kevin Fiala.
15:53 of 2nd period - Minor Penalty to Dakota Mermis for Elbowing.
15:54 of 2nd period - Scott Laughton wins face-off versus Brendan Leipsic in Philadelphia Phantoms zone.
16:49 of 2nd period - Penalty to Alexandre Carrier is over, Alexandre Carrier is back on ice.
17:28 of 2nd period - Alexandre Carrier is hit by Jared McCann and loses puck.
17:53 of 2nd period - Penalty to Dakota Mermis is over, Dakota Mermis is back on ice.
17:55 of 2nd period - Sean Kuraly is hit by Brendan Leipsic and loses puck.
18:08 of 2nd period - Sean Kuraly is hit by Sam Carrick and loses puck.
Goals for this period are 1 for Philadelphia Phantoms vs 1 for Binghampton Senators.
Shots for this period are 6 for Philadelphia Phantoms vs 14 for Binghampton Senators.

3rd period


0:01 of 3rd period - Scott Laughton wins face-off versus Brendan Leipsic in neutral zone.
0:03 of 3rd period - Off-side.
0:04 of 3rd period - Brendan Leipsic wins face-off versus Scott Laughton in neutral zone.
0:11 of 3rd period - Snap shot by Brendan Leipsic.
0:11 of 3rd period - Stopped by Jack Campbell with a rebound.
0:13 of 3rd period - 10 Minutes Misconduct Penalty to Colin McDonald is over.
1:01 of 3rd period - Snap shot by Jordan Maletta.
1:01 of 3rd period - Stopped by Jon Gillies without a rebound.
1:02 of 3rd period - Scott Laughton wins face-off versus Brendan Leipsic in Binghampton Senators zone.
1:03 of 3rd period - Backhand shot by Reid Boucher.
1:03 of 3rd period - Stopped by Jon Gillies with a rebound.
1:32 of 3rd period - Brendan Leipsic is hit by Matt Caito and loses puck.
2:40 of 3rd period - Slapshot by Scott Laughton.
2:40 of 3rd period - Stopped by Jon Gillies without a rebound.
2:41 of 3rd period - Joshua Ho-Sang wins face-off versus Lucas Wallmark in Binghampton Senators zone.
2:46 of 3rd period - Wrist shot by Kevin Labanc.
2:46 of 3rd period - Stopped by Jon Gillies without a rebound.
2:47 of 3rd period - Lucas Wallmark wins face-off versus Kevin Labanc in Binghampton Senators zone.
3:00 of 3rd period - Snap shot by Lucas Wallmark.
3:00 of 3rd period - Shot Misses the Net.
3:04 of 3rd period - Wrist shot by Joel Eriksson Ek.
3:04 of 3rd period - Shot Misses the Net.
3:06 of 3rd period - Slapshot by Joel Eriksson Ek.
3:06 of 3rd period - Shot Misses the Net.
3:22 of 3rd period - Wrist shot by Lucas Wallmark.
3:22 of 3rd period - Stopped by Jack Campbell with a rebound.
3:24 of 3rd period - Slapshot by Haydn Fleury.
3:24 of 3rd period - Stopped by Jack Campbell with a rebound.
3:26 of 3rd period - Wrist shot by Joel Eriksson Ek.
3:26 of 3rd period - Shot Blocked by Joshua Ho-Sang.
3:28 of 3rd period - Wrist shot by Lucas Wallmark.
3:28 of 3rd period - Deflect By Alexandre Carrier.
3:28 of 3rd period - Stopped by Jack Campbell without a rebound.
3:29 of 3rd period - Brendan Leipsic wins face-off versus Scott Laughton in Philadelphia Phantoms zone.
4:00 of 3rd period - Snap shot by Dale Weise.
4:00 of 3rd period - Stopped by Jon Gillies without a rebound.
4:01 of 3rd period - Dryden Hunt wins face-off versus Jared McCann in Binghampton Senators zone.
4:28 of 3rd period - Joel Eriksson Ek is hit by Joshua Ho-Sang and loses puck.
5:12 of 3rd period - Icing by Josh Leivo.
5:13 of 3rd period - Brendan Leipsic wins face-off versus Scott Laughton in Binghampton Senators zone.
5:29 of 3rd period - Minor Penalty to Dakota Mermis for Tripping.
5:30 of 3rd period - Brendan Leipsic wins face-off versus Scott Laughton in Philadelphia Phantoms zone.
7:24 of 3rd period - Icing by Jared McCann.
7:25 of 3rd period - Jared McCann wins face-off versus Joshua Ho-Sang in Binghampton Senators zone.
7:29 of 3rd period - Penalty to Dakota Mermis is over, Dakota Mermis is back on ice.
7:39 of 3rd period - Wrist shot by Jared McCann.
7:39 of 3rd period - Stopped by Jack Campbell without a rebound.
7:40 of 3rd period - Lucas Wallmark wins face-off versus Joshua Ho-Sang in Philadelphia Phantoms zone.
7:45 of 3rd period - Wrist shot by Joel Eriksson Ek.
7:45 of 3rd period - Deflect By Lucas Wallmark.
7:45 of 3rd period - Stopped by Jack Campbell with a rebound.
8:11 of 3rd period - Wrist shot by Sean Kuraly.
8:11 of 3rd period - Stopped by Jon Gillies with a rebound.
8:13 of 3rd period - Slapshot by Alexandre Carrier.
8:13 of 3rd period - Stopped by Jon Gillies with a rebound.
8:15 of 3rd period - Slapshot by Brandon Montour.
8:15 of 3rd period - Shot Blocked by Lucas Wallmark.
8:17 of 3rd period - Wrist shot by Alexandre Carrier.
8:17 of 3rd period - Shot Misses the Net.
8:50 of 3rd period - Wrist shot by Joshua Ho-Sang.
8:50 of 3rd period - Stopped by Jon Gillies with a rebound.
9:00 of 3rd period - Wrist shot by Joel Eriksson Ek.
9:00 of 3rd period - Stopped by Jack Campbell with a rebound.
9:02 of 3rd period - Snap shot by Erik Gustafsson.
9:02 of 3rd period - Shot Blocked by Joshua Ho-Sang.
9:04 of 3rd period - Slapshot by Colin McDonald.
9:04 of 3rd period - Shot Blocked by Dean Kukan.
9:06 of 3rd period - Wrist shot by Colin McDonald.
9:06 of 3rd period - Shot Misses the Net.
9:08 of 3rd period - Snap shot by Lucas Wallmark.
9:08 of 3rd period - Shot Misses the Net.
9:10 of 3rd period - Backhand shot by Ryan Graves.
9:10 of 3rd period - Stopped by Jack Campbell without a rebound.
9:11 of 3rd period - Christian Fischer wins face-off versus Scott Laughton in Philadelphia Phantoms zone.
9:18 of 3rd period - Slapshot by Reid Boucher.
9:18 of 3rd period - Shot Misses the Net.
9:20 of 3rd period - Snap shot by Dale Weise.
9:20 of 3rd period - Deflect By Reid Boucher.
9:20 of 3rd period - Stopped by Jon Gillies with a rebound.
9:22 of 3rd period - Wrist shot by Dale Weise.
9:22 of 3rd period - Goal by Dale Weise - Philadelphia Phantoms : 2 - Binghampton Senators : 1.
9:23 of 3rd period - Brendan Leipsic wins face-off versus Scott Laughton in neutral zone.
9:28 of 3rd period - Slapshot by Haydn Fleury.
9:28 of 3rd period - Shot Misses the Net.
9:30 of 3rd period - Slapshot by Haydn Fleury.
9:30 of 3rd period - Stopped by Jack Campbell with a rebound.
9:36 of 3rd period - Snap shot by Josh Leivo.
9:36 of 3rd period - Stopped by Jack Campbell with a rebound.
10:27 of 3rd period - Snap shot by Nic Kerdiles.
10:27 of 3rd period - Shot Misses the Net.
11:04 of 3rd period - Snap shot by Scott Laughton.
11:04 of 3rd period - Stopped by Jon Gillies with a rebound.
11:06 of 3rd period - Slapshot by Chad Billins.
11:06 of 3rd period - Shot Blocked by Steve Oleksy.
12:45 of 3rd period - Lucas Wallmark is hit by Dale Weise and loses puck.
12:59 of 3rd period - Minor Penalty to Lucas Wallmark for Interference.
13:00 of 3rd period - Christian Fischer wins face-off versus Joshua Ho-Sang in Binghampton Senators zone.
13:04 of 3rd period - Snap shot by Kevin Labanc.
13:04 of 3rd period - Stopped by Jon Gillies without a rebound.
13:05 of 3rd period - Christian Fischer wins face-off versus Joshua Ho-Sang in Binghampton Senators zone.
13:18 of 3rd period - Brendan Leipsic is hit by Joshua Ho-Sang.
13:30 of 3rd period - Snap shot by Reid Boucher.
13:30 of 3rd period - Goal by Reid Boucher - Philadelphia Phantoms : 3 - Binghampton Senators : 1.
13:31 of 3rd period - Scott Laughton wins face-off versus Brendan Leipsic in neutral zone.
14:21 of 3rd period - Slapshot by Jordan Maletta.
14:21 of 3rd period - Shot Misses the Net.
14:23 of 3rd period - Wrist shot by Jordan Maletta.
14:23 of 3rd period - Shot Misses the Net.
15:37 of 3rd period - Wrist shot by Jordan Maletta.
15:37 of 3rd period - Stopped by Jon Gillies without a rebound.
15:38 of 3rd period - Jordan Maletta wins face-off versus Sam Carrick in Binghampton Senators zone.
15:55 of 3rd period - Snap shot by Brandon Montour.
15:55 of 3rd period - Deflect By Dryden Hunt.
15:55 of 3rd period - Goal by Dryden Hunt - Philadelphia Phantoms : 4 - Binghampton Senators : 1.
15:56 of 3rd period - Brendan Leipsic wins face-off versus Joshua Ho-Sang in neutral zone.
16:01 of 3rd period - Wrist shot by Josh Leivo.
16:01 of 3rd period - Shot Misses the Net.
16:03 of 3rd period - Snap shot by Haydn Fleury.
16:03 of 3rd period - Stopped by Jack Campbell with a rebound.
16:05 of 3rd period - Snap shot by Josh Leivo.
16:05 of 3rd period - Goal by Josh Leivo - Philadelphia Phantoms : 4 - Binghampton Senators : 2.
16:06 of 3rd period - Jared McCann wins face-off versus Sean Kuraly in neutral zone.
16:31 of 3rd period - Brandon Montour is hit by Haydn Fleury and loses puck.
16:57 of 3rd period - Wrist shot by Joel Eriksson Ek.
16:57 of 3rd period - Shot Misses the Net.
16:59 of 3rd period - Snap shot by Lucas Wallmark.
16:59 of 3rd period - Goal by Lucas Wallmark - Philadelphia Phantoms : 4 - Binghampton Senators : 3.
17:00 of 3rd period - Sean Kuraly wins face-off versus Jared McCann in neutral zone.
17:07 of 3rd period - Snap shot by Sean Kuraly.
17:07 of 3rd period - Shot Blocked by Steve Oleksy.
17:09 of 3rd period - Slapshot by Sean Kuraly.
17:09 of 3rd period - Stopped by Jon Gillies with a rebound.
17:11 of 3rd period - Snap shot by Zac Dalpe.
17:11 of 3rd period - Stopped by Jon Gillies with a rebound.
17:25 of 3rd period - Brandon Montour is hit by Josh Leivo and loses puck.
17:44 of 3rd period - Snap shot by Haydn Fleury.
17:44 of 3rd period - Deflect By Reid Boucher.
17:44 of 3rd period - Stopped by Jack Campbell with a rebound.
17:46 of 3rd period - Slapshot by Colin McDonald.
17:46 of 3rd period - Stopped by Jack Campbell with a rebound.
17:48 of 3rd period - Snap shot by Lucas Wallmark.
17:48 of 3rd period - Shot Misses the Net.
17:50 of 3rd period - Wrist shot by Joel Eriksson Ek.
17:50 of 3rd period - Goal by Joel Eriksson Ek - Philadelphia Phantoms : 4 - Binghampton Senators : 4.
17:51 of 3rd period - Sean Kuraly wins face-off versus Jared McCann in neutral zone.
17:54 of 3rd period - Slapshot by Brandon Montour.
17:54 of 3rd period - Deflect By Drew Shore.
17:54 of 3rd period - Stopped by Jon Gillies with a rebound.
17:56 of 3rd period - Slapshot by Brandon Montour.
17:56 of 3rd period - Deflect By Dryden Hunt.
17:56 of 3rd period - Stopped by Jon Gillies with a rebound.
17:58 of 3rd period - Wrist shot by Dryden Hunt.
17:58 of 3rd period - Shot Blocked by Erik Gustafsson.
18:35 of 3rd period - Wrist shot by Dryden Hunt.
18:35 of 3rd period - Stopped by Jon Gillies without a rebound.
18:36 of 3rd period - Brendan Leipsic wins face-off versus Joshua Ho-Sang in Binghampton Senators zone.
18:36 of 3rd period - Brendan Leipsic is hit by Alexandre Carrier.
19:43 of 3rd period - Snap shot by Reid Boucher.
19:43 of 3rd period - Shot Blocked by Lucas Wallmark.
Goals for this period are 3 for Philadelphia Phantoms vs 3 for Binghampton Senators.
Shots for this period are 20 for Philadelphia Phantoms vs 16 for Binghampton Senators.

Overtime #1


0:01 of 1st overtime period - Joshua Ho-Sang wins face-off versus Christian Fischer in neutral zone.
0:08 of 1st overtime period - Wrist shot by Joshua Ho-Sang.
0:08 of 1st overtime period - Deflect By Dale Weise.
0:08 of 1st overtime period - Shot Blocked by Brendan Leipsic.
0:08 of 1st overtime period - Puck is out of play.
0:09 of 1st overtime period - Christian Fischer wins face-off versus Joshua Ho-Sang in Binghampton Senators zone.
0:22 of 1st overtime period - Snap shot by Christian Fischer.
0:22 of 1st overtime period - Shot Blocked by Brandon Montour.
0:42 of 1st overtime period - Wrist shot by Christian Fischer.
0:42 of 1st overtime period - Stopped by Jack Campbell with a rebound.
1:20 of 1st overtime period - Wrist shot by Christian Fischer.
1:20 of 1st overtime period - Shot Misses the Net.
1:26 of 1st overtime period - Brendan Leipsic is hit by Dale Weise and loses puck.
1:41 of 1st overtime period - Snap shot by Dale Weise.
1:41 of 1st overtime period - Stopped by Jon Gillies with a rebound.
1:43 of 1st overtime period - Slapshot by Joshua Ho-Sang.
1:43 of 1st overtime period - Shot Blocked by Haydn Fleury.
1:45 of 1st overtime period - Snap shot by Dale Weise.
1:45 of 1st overtime period - Shot Blocked by Haydn Fleury.
1:47 of 1st overtime period - Slapshot by Brandon Montour.
1:47 of 1st overtime period - Shot Misses the Net.
1:49 of 1st overtime period - Snap shot by Dale Weise.
1:49 of 1st overtime period - Shot Blocked by Haydn Fleury.
2:22 of 1st overtime period - Off-side.
2:23 of 1st overtime period - Lucas Wallmark wins face-off versus Reid Boucher in neutral zone.
2:26 of 1st overtime period - Wrist shot by Colin McDonald.
2:26 of 1st overtime period - Shot Blocked by Matt Caito.
3:07 of 1st overtime period - Jared McCann is hit by Sean Kuraly and loses puck.
3:12 of 1st overtime period - Slapshot by Sean Kuraly.
3:12 of 1st overtime period - Stopped by Jon Gillies without a rebound.
3:13 of 1st overtime period - Colin McDonald wins face-off versus Sean Kuraly in Binghampton Senators zone.
3:44 of 1st overtime period - Trevor Carrick is hit by Dryden Hunt and loses puck.
4:48 of 1st overtime period - Ryan Graves is hit by Reid Boucher and loses puck.
4:59 of 1st overtime period - Lucas Wallmark is hit by Alexandre Carrier and loses puck.
Goals for this period are 0 for Philadelphia Phantoms vs 0 for Binghampton Senators.
Shots for this period are 2 for Philadelphia Phantoms vs 1 for Binghampton Senators.

ShootOut


5:00 of 1st overtime period - Penalty Shot by Joshua Ho-Sang for Philadelphia Phantoms.
5:00 of 1st overtime period - Snap shot by Joshua Ho-Sang.
5:00 of 1st overtime period - Goal by Joshua Ho-Sang.
5:00 of 1st overtime period - Penalty Shot by Christian Fischer for Binghampton Senators.
5:00 of 1st overtime period - Snap shot by Christian Fischer.
5:00 of 1st overtime period - Shot Misses the Net.
5:00 of 1st overtime period - Penalty Shot by Dale Weise for Philadelphia Phantoms.
5:00 of 1st overtime period - Backhand shot by Dale Weise.
5:00 of 1st overtime period - Stopped by Jon Gillies.
5:00 of 1st overtime period - Penalty Shot by Brendan Leipsic for Binghampton Senators.
5:00 of 1st overtime period - Snap shot by Brendan Leipsic.
5:00 of 1st overtime period - Shot Misses the Net.
5:00 of 1st overtime period - Penalty Shot by Kevin Labanc for Philadelphia Phantoms.
5:00 of 1st overtime period - Wrist shot by Kevin Labanc.
5:00 of 1st overtime period - Shot Misses the Net.
5:00 of 1st overtime period - Penalty Shot by Colin McDonald for Binghampton Senators.
5:00 of 1st overtime period - Backhand shot by Colin McDonald.
5:00 of 1st overtime period - Shot Misses the Net.